 Dungeon Crawl Stone Soup version 0.27-a0-899-ge2d0b17c59 (webtiles) character file.

Game seed: 8133475709014771325

55297 robertstho the Unseen (level 14, -16/101 HPs)
             Began as an Octopode Berserker on Apr 5, 2021.
             Was a High Priest of Trog.
             Demolished by a catoblepas (25 damage)
             ... on level 5 of the Lair of Beasts.
             The game lasted 00:27:08 (23292 turns).

robertstho the Unseen (Octopode Berserker)         Turns: 23292, Time: 00:27:09

Health: -16/101    AC:  3    Str: 25    XL:     14   Next: 76%
Magic:  14/14      EV: 21    Int: 15    God:    Trog [*****.]
Gold:   1217       SH: 12    Dex: 14    Spells: 13/13 levels left

rFire    + . .     SeeInvis +   b - +2 dagger (drain)
rCold    + . .     Faith    .   D - +0 kite shield
rNeg     + . .     Spirit   .   I - +2 hat
rPois    +         Reflect  .   (no amulet)
rElec    .         Harm     .   n - ring of positive energy
rCorr    .         Rampage  .   r - ring of Wedwyfaf {rPois rF+ EV+4}
Will     ++...                  q - ring of protection from cold
Stlth    ++++++++..             a - +6 ring of intelligence
HPRegen  0.26/turn              C - +6 ring of strength
MPRegen  0.14/turn              H - ring of see invisible
                                T - ring of willpower
                                (no ring)

@: marked, berserk cooldown, slowed, very slow
A: almost no armour, amphibious, 8 rings, camouflage 1, gelatinous body 1,
(nimble swimmer 1), tentacles
a: Renounce Religion, Berserk, Trog's Hand, Brothers in Arms


You were on level 5 of the Lair of Beasts.
You worshipped Trog.
Trog was extremely pleased with you.
You visited 2 branches of the dungeon, and saw 18 of its levels.
You also visited: Bailey.

You collected 1576 gold pieces.
You spent 359 gold pieces at shops.

Inventory:

Hand Weapons
 b - a +2 dagger of draining (weapon)
 m - a +1 short sword of protection
 w - the +2 hunting sling of the Common Good {venom, rElec Dex+3}
   (You found it on level 5 of the Dungeon)

   It poisons the ammo it fires.
   It affects your dexterity (+3).
   It insulates you from electricity.
 E - a +1 falchion of holy wrath
 N - a +1 great sword of flaming
 O - the +10 dark maul {vorpal}
   (You found it on level 1 of the Lair of Beasts)

   It inflicts extra damage upon your enemies.
Missiles
 e - 5 boomerangs of dispersal
 u - 12 throwing nets
 x - 73 sling bullets
 A - 8 atropa-tipped darts
 V - 8 curare-tipped darts
Armour
 D - a +0 kite shield (worn)
 I - a +2 hat (worn)
Jewellery
 a - a +6 ring of intelligence (on tentacle)
 d - a ring of ice
 n - a ring of positive energy (left tentacle)
 q - a ring of protection from cold (on tentacle)
 r - the ring of Wedwyfaf (right tentacle) {rPois rF+ EV+4}
   (You found it on level 6 of the Dungeon)

   [ring of evasion]

   It affects your evasion (+4).
   It protects you from fire.
   It protects you from poison.
 C - a +6 ring of strength (on tentacle)
 H - a ring of see invisible (on tentacle)
 T - a ring of willpower (on tentacle)
Wands
 p - a wand of paralysis (9)
 v - a wand of charming (14)
 R - a wand of acid (6)
 W - a wand of iceblast (5)
Scrolls
 i - 13 scrolls of teleportation
 o - 5 scrolls of enchant weapon
 s - 2 scrolls of fog
 y - a scroll of silence
 z - a scroll of immolation
 F - a scroll of summoning
 G - 2 scrolls of vulnerability
 K - a scroll of magic mapping
 L - 2 scrolls of enchant armour
 P - a scroll of brand weapon
 U - a scroll of identify
Potions
 f - a potion of attraction
 g - 6 potions of haste
 h - a potion of mutation
 j - 2 potions of heal wounds
 k - 13 potions of curing
 l - 2 potions of flight
 t - 2 potions of lignification
 B - a potion of invisibility
 J - a potion of might
 M - a potion of cancellation
Miscellaneous
 c - a box of beasts
 Q - a lightning rod (4/4)


   Skills:
 * Level 11.6 Fighting
 + Level 10.2(10.3) Short Blades
 + Level 2.2(6.9) Long Blades
 + Level 10.5 Dodging
 * Level 19.4 Stealth
 + Level 8.7 Shields
 + Level 2.4 Evocations


You had 13 spell levels left.
You didn't know any spells.
Your spell library was empty.

Dungeon Overview and Level Annotations

Branches:
Dungeon (13/15)            Temple (0/1) D:4            Lair (5/6) D:10
  Swamp (0/4) Lair:2        Snake (0/4) Lair:2          Orc (0/2) D:12
 Bailey (visited)
  Slime: Lair:5-6    Vaults: D:13-14

Altars:
Ashenzari
Cheibriados
Gozag
Makhleb
Okawaru
Qazlal
Uskayaw
Xom
Yredelemnul
Zin
Beogh

Shops:
D:11 *

Annotations:
D:9 1 runed translucent door, srzhan31's ghost, journeyman DjFE
D:13 Azrael


Innate Abilities, Weirdness & Mutations

You cannot wear most types of armour.
You are amphibious.
You can wear up to eight rings at the same time.
Your skin changes colour to match your surroundings (Stealth+).
Your rubbery body absorbs attacks. (AC +1, EV +1)
((You are camouflaged near water. (Stealth+)))
You have tentacles for arms and can constrict up to eight enemies at once.


Message History

The black mamba misses you. The catoblepas gores you!!
You puncture the black mamba!
The black mamba is severely wounded.
You are engulfed in calcifying dust.
You constrict the black mamba.
The black mamba bites you but does no damage.
You hit the black mamba. You drain the black mamba.
You squeeze the black mamba.
You kill the black mamba!
Trog accepts your kill.
You are engulfed in calcifying dust.
The catoblepas barely misses you.
You see here a black mamba corpse.
You hit the catoblepas but do no damage.
You drain the catoblepas.
The catoblepas is moderately wounded.
You block the catoblepas's attack. The komodo dragon bites you!!
* * * LOW HITPOINT WARNING * * *
You hit the catoblepas but do no damage.
You drain the catoblepas.
The catoblepas is moderately wounded.
A bullfrog comes into view.
You puncture the catoblepas! You drain the catoblepas.
You squeeze the catoblepas!
The catoblepas is heavily wounded.
The catoblepas breathes a plume of calcifying dust at you.
The blast of calcifying dust hits you.
* * * LOW HITPOINT WARNING * * *
The komodo dragon bites you!!
* * * LOW HITPOINT WARNING * * *
You feel a strong urge to attack something.
You feel your anger nearly subside.
You are no longer berserk.
You are exhausted.
You feel yourself slow down.
You fail to use your ability.
The bullfrog barely misses you.
As you read the scroll of fear, it crumbles to dust.
You assume a fearsome visage.
The komodo dragon looks frightened!
The bullfrog looks frightened!
The catoblepas resists with some effort.
A komodo dragon comes into view.
The catoblepas gores you!!
You die...

..............................#
....P..........l..............#
..###....#......#...........##
...####.............§...P....##
...................F....#.##.##
.....†....#........≈≈≈≈....#..#
..............l....≈♣♣†.§..P..#
...#............Y..≈♣♣≈..§....#
## ##...........@..≈♣♣≈...#..##
##...P.........≈≈≈≈.#....#
####.P.............#...##
#...##.....P..####P# ####
##..###..# ### ###. #### #


You could see a catoblepas (drained), 2 komodo dragons and a bullfrog (fleeing).

Vanquished Creatures
  A fire giant (D:9)
  Fannar (D:10)
  4 hydras
  An ice dragon (Lair:4)
  2 boulder beetles (D:12)
  4 two-headed ogres
  A centaur warrior (D:9)
  Urug (D:13)
  Sonja (Lair:5)
  Nergalle (D:11)
  Pikel (D:9)
  An orc knight (D:12)
  A deep elf pyromancer (D:9)
  2 cyclopes
  An oklob plant (Lair:3)
  3 manticores
  8 black mambas
  6 elephants (Lair:4)
  3 unseen horrors
  A cane toad (shapeshifter) (D:13)
  15 komodo dragons
  5 cane toads
  A rime drake (Lair:3)
  A kobold demonologist (D:5)
  3 trolls
  2 polar bears
  A hornet (D:7)
  Grinder (D:6)
  2 tyrant leeches (Lair:2)
  9 slime creatures
  Prince Ribbit (D:7)
  Sigmund (D:4)
  2 fire bats (Lair:5)
  A vampire (D:5)
  A wyvern (Lair:4)
  A wraith (D:9)
  2 basilisks
  Grum (D:9)
  2 steam dragons
  2 vampire mosquitoes (D:11)
  12 yaks (Lair:2)
  Menkaure (D:7)
  A swamp worm (Lair:2)
  16 water moccasins
  Duvessa (D:5)
  A hornet zombie (D:8)
  2 sky beasts
  8 orc warriors
  5 black bears
  4 ogres
  9 wolves
  3 phantoms
  10 centaurs
  3 lemures (D:9)
  8 bullfrogs
  7 gnoll sergeants (Bailey)
  Dowan (D:5)
  3 scorpions
  5 wights (D:8)
  A howler monkey (D:5)
  A bullfrog zombie (D:5)
  5 centaur zombies
  8 orc priests
  2 hounds
  A centaur skeleton (D:7)
  7 gnoll shamans
  Crazy Yiuf (D:7)
  3 bullfrog skeletons
  3 iguanas
  9 orc wizards
  2 killer bee zombies (D:8)
  A hound skeleton (D:4)
  18 gnolls
  11 adders
  A howler monkey skeleton (D:6)
  3 white imps (Lair:4)
  An ufetubus (D:5)
  3 worms
  7 dart slugs
  57 orcs
  9 ball pythons
  3 endoplasms
  3 giant cockroaches
  7 goblins
  6 hobgoblins
  4 jackals (D:5)
  A kobold (D:1)
  A quokka (D:1)
  3 bats
  A frilled lizard (D:3)
  A rat (D:3)
382 creatures vanquished.

Vanquished Creatures (collateral kills)
  A centaur (D:8)
  A bullfrog (D:8)
  2 gnoll sergeants
  2 hounds (Bailey)
  4 gnolls
  3 orcs (D:8)
13 creatures vanquished.

Vanquished Creatures (others)
  A ball python (D:4)
  13 fungi
  23 plants
37 creatures vanquished.

Grand Total: 432 creatures vanquished

Notes
Turn   | Place    | Note
-------+----------+-------------------------------------------
     0 | D:1      | robertstho the Octopode Berserker began the quest for the
                  | Orb.
     0 | D:1      | Reached XP level 1. HP: 16/16 MP: 1/1
   386 | D:1      | Reached XP level 2. HP: 21/21 MP: 2/2
  1268 | D:2      | Reached skill level 1 in Stealth
  1311 | D:2      | Found a faded altar of an unknown god.
  1340 | D:2      | Reached XP level 3. HP: 26/26 MP: 3/3
  1915 | D:3      | Reached skill level 2 in Stealth
  1915 | D:3      | Reached XP level 4. HP: 27/33 MP: 4/4
  2086 | D:3      | Reached ** piety under Trog
  2638 | D:4      | Noticed Sigmund
  2639 | D:4      | Noticed a black bear
  2652 | D:4      | Killed Sigmund
  2653 | D:4      | Reached skill level 4 in Stealth
  2653 | D:4      | Reached XP level 5. HP: 37/37 MP: 5/5
  2653 | D:4      | Reached XP level 6. HP: 43/43 MP: 6/6
  2655 | D:4      | Reached skill level 5 in Stealth
  2656 | D:4      | Killed a black bear
  2805 | D:4      | Reached skill level 6 in Stealth
  2805 | D:4      | Reached XP level 7. HP: 49/49 MP: 7/7
  3048 | D:4      | Found a staircase to the Ecumenical Temple.
  3089 | D:4      | Reached skill level 5 in Short Blades
  3570 | D:5      | Entered Level 5 of the Dungeon
  3593 | D:5      | Reached skill level 7 in Stealth
  3641 | D:5      | You fall into a shaft and drop 1 floor!
  3846 | D:6      | Found a hide-covered altar of Uskayaw.
  3849 | D:6      | Identified the ring of Wedwyfaf {rPois rF+ EV+4}
  3869 | D:6      | Reached skill level 5 in Fighting
  3869 | D:6      | Reached XP level 8. HP: 55/55 MP: 8/8
  3896 | D:6      | Reached *** piety under Trog
  3897 | D:6      | Reached skill level 8 in Stealth
  4473 | D:5      | Reached skill level 9 in Stealth
  4951 | D:5      | Found a transporter.
  4958 | D:5      | Noticed a kobold demonologist
  4966 | D:5      | Found a transporter.
  5248 | D:5      | Found a broken altar of Ashenzari.
  5250 | D:5      | Noticed a vampire
  5383 | D:5      | Identified the +2 hunting sling of the Common Good {venom,
                  | rElec Dex+3}
  5468 | D:5      | Noticed Duvessa
  5468 | D:5      | Noticed Dowan
  5481 | D:5      | Killed Duvessa
  5482 | D:5      | Reached skill level 10 in Stealth
  5485 | D:5      | Killed Dowan
  5486 | D:5      | Reached XP level 9. HP: 62/62 MP: 9/9
  6047 | D:6      | Noticed Grinder
  6054 | D:6      | Killed Grinder
  6065 | D:6      | Reached skill level 11 in Stealth
  6448 | D:6      | Reached skill level 5 in Dodging
  6929 | D:7      | Noticed a hornet
  6936 | D:7      | Killed a hornet
  6937 | D:7      | Reached skill level 12 in Stealth
  6973 | D:7      | Found a basalt altar of Yredelemnul.
  6978 | D:7      | Found a stormy altar of Qazlal.
  6978 | D:7      | Found an iron altar of Okawaru.
  6991 | D:7      | Found a snail-covered altar of Cheibriados.
  6994 | D:7      | Found a burning altar of Makhleb.
  7239 | D:7      | Found a runed translucent door.
  7239 | D:7      | Noticed Crazy Yiuf
  7370 | D:7      | Noticed Menkaure
  7370 | D:7      | Noticed Prince Ribbit
  7388 | D:7      | Killed Menkaure
  7563 | D:7      | Killed Prince Ribbit
  7810 | D:7      | Killed Crazy Yiuf
  7861 | D:8      | Identified the amulet "Navvunax" {Faith rN+}
  7889 | D:8      | Reached **** piety under Trog
  8000 | D:8      | Reached skill level 13 in Stealth
  8000 | D:8      | Reached skill level 1 in Shields
  8000 | D:8      | Reached XP level 10. HP: 40/69 MP: 10/10
  8257 | D:8      | HP: 2/69 [gnoll/+0 club (4)]
  8627 | D:8      | Found a shimmering altar of Xom.
  9037 | D:8      | Identified the +2 helmet "Ceg Akun" {rC- Will- Regen+
                  | rCorr}
  9075 | D:8      | Noticed a two-headed ogre
  9079 | D:8      | Killed a two-headed ogre
  9080 | D:8      | Reached skill level 14 in Stealth
  9400 | D:9      | Found a glowing silver altar of Zin.
  9404 | D:9      | Noticed Grum
  9417 | D:9      | Killed Grum
  9743 | D:9      | Noticed Pikel
  9770 | D:9      | Killed Pikel
  9837 | D:9      | Noticed srzhan31's ghost (journeyman DjFE)
  9838 | D:9      | Found a runed translucent door.
 10478 | D:9      | Noticed a centaur warrior
 10478 | D:9      | Noticed a deep elf pyromancer
 10487 | D:9      | Killed a deep elf pyromancer
 10494 | D:9      | Killed a centaur warrior
 10495 | D:9      | Reached skill level 15 in Stealth
 10495 | D:9      | Reached XP level 11. HP: 77/77 MP: 11/11
 10583 | D:9      | Noticed a seven-headed hydra
 10583 | D:9      | Noticed a cyclops
 11294 | D:9      | Killed a seven-headed hydra
 11308 | D:9      | Killed a cyclops
 11377 | D:9      | Noticed a six-headed hydra
 11377 | D:9      | Noticed a fire giant
 11382 | D:9      | Killed a six-headed hydra
 11390 | D:9      | Killed a fire giant
 11641 | D:9      | Noticed a fire giant
 11641 | D:9      | Noticed a boulder beetle
 12073 | D:10     | Entered Level 10 of the Dungeon
 12075 | D:10     | Noticed Fannar
 12081 | D:10     | Killed Fannar
 12774 | D:10     | Found a staircase to the Lair.
 12957 | D:10     | Noticed a two-headed ogre
 12958 | D:10     | Found an opulent altar of Gozag.
 12968 | D:10     | Killed a two-headed ogre
 12969 | D:10     | Reached skill level 5 in Shields
 12969 | D:10     | Reached XP level 12. HP: 75/85 MP: 12/12
 13575 | D:11     | Noticed a two-headed ogre
 13588 | D:11     | Killed a two-headed ogre
 13589 | D:11     | Reached skill level 16 in Stealth
 13846 | D:11     | Noticed Nergalle
 13853 | D:11     | Killed Nergalle
 14147 | D:11     | Noticed a two-headed ogre
 14157 | D:11     | Killed a two-headed ogre
 14550 | D:11     | Found Lopluqy's Assorted Antiques.
 14559 | D:11     | Bought an emerald potion for 29 gold pieces
 14559 | D:11     | Bought a scroll labelled SUDWOFUCLI for 33 gold pieces
 14559 | D:11     | Bought a scroll of identify for 66 gold pieces
 14559 | D:11     | Bought a potion of curing for 99 gold pieces
 14559 | D:11     | Bought a scroll labelled VINNANW RAPPERAD for 33 gold
                  | pieces
 14559 | D:11     | Bought a scroll of teleportation for 99 gold pieces
 14560 | D:11     | Reached skill level 10 in Fighting
 14560 | D:11     | Reached XP level 13. HP: 93/93 MP: 13/13
 15040 | D:12     | Found a staircase to the Orcish Mines.
 15062 | D:12     | Reached skill level 17 in Stealth
 15072 | D:12     | Reached ***** piety under Trog
 16253 | D:13     | Found a flagged portal.
 16270 | Bailey   | Entered a bailey
 17052 | D:13     | Noticed Urug
 17056 | D:13     | Killed Urug
 17592 | D:13     | Noticed Azrael
 17974 | Lair:1   | Entered Level 1 of the Lair of Beasts
 18019 | Lair:1   | Reached XP level 14. HP: 94/99 MP: 14/14
 18072 | Lair:1   | Found the +10 dark maul {vorpal}
 18606 | Lair:2   | Found a staircase to the Snake Pit.
 18646 | Lair:2   | Reached skill level 18 in Stealth
 18816 | Lair:2   | Received a gift from Trog
 18820 | Lair:2   | Reached skill level 10 in Dodging
 19476 | Lair:2   | Reached skill level 10 in Short Blades
 20435 | Lair:2   | Found a staircase to the Swamp.
 21782 | Lair:3   | Identified the Reference Book on the Twisted Frostbite
 21802 | Lair:3   | Reached skill level 19 in Stealth
 22876 | Lair:4   | Found a dark tunnel.
 23112 | Lair:5   | Noticed Sonja
 23114 | Lair:5   | Killed Sonja
 23292 | Lair:5   | Demolished by a catoblepas

Illustrated notes

Levels and vault maps discovered:
D:1:      dpeg_arrival_erosion, layout_loops_corners
D:2:      layout_rooms, ebering_ecumenical_altar_abandoned
D:3:      layout_loops_ring, ebering_dispersal_statue_hall
D:4:      layout_basic, minmay_temple_entry_tees, lemuel_flame_loot_1,
          uniq_sigmund
D:5:      layout_cave_pods, gammafunk_temple_overflow_arena,
          minmay_starry_boxes, uniq_duvessa
D:6:      layout_cave_pods, eat_drink_and_be_merry_uskayaw, grunt_decor_cap,
          mrwooster_statue_mirror, minmay_fractal_squares_gapless_5,
          uniq_grinder
D:7:      layout_gridville, minmay_overflow_temple_star_hex, minivault_5,
          uniq_crazy_yiuf_cottage, uniq_prince_ribbit1, uniq_menkaure
D:8:      layout_loops_cross, amcnicky_altar_gilded
D:9:      minmay_sliced_demisemicircle, layout_layer_cave, lemuel_doored_altar,
          hellmonk_ghost_happy_afterlife, uniq_pikel, uniq_grum
D:10:     layout_gridville, lemuel_crystal_altar,
          grunt_lair_entry_orc_guard_hut, special_room [special_room_orc],
          uniq_fannar
D:11:     layout_cave_pools, serial_shops,
          nicolae_shop_competitors_out_of_business, uniq_nergalle
D:12:     layout_basic, david_orc_5, chequers_mini_garden
D:13:     layout_long_grid, special_room [special_room_orc], enter_bailey_4,
          uniq_erolcha, uniq_azrael, uniq_urug
Lair:1:   layout_misc_corridors, minivault_26, st_stairs_11,
          minmay_stone_trees_small, wad_woods_06, chequers_serial_rivers_room_b
Lair:2:   layout_chaotic_city, minmay_swamp_entry_worms,
          minmay_snake_entry_six_corridors, beast_lair_carwin_7,
          lemuel_fruit_fields
Lair:3:   layout_cave_pods, serial_rivers, chequers_serial_rivers_micro_b,
          chequers_serial_rivers_room_b, chequers_serial_rivers_small_3,
          chequers_serial_rivers_small_b, grunt_megastairs_2,
          lemuel_fruit_fields, minmay_lair_oklob_chamber, serial_bayou_shore_a,
          infiniplex_staircase_pool_2
Lair:4:   layout_regular_city, lightli_volcano_entry_magma_tube,
          bobbens_ice_dragon_lair
Lair:5:   layout_gridlike, slime_altar_1, uniq_sonja

Skill      XL: |  1  2  3  4  5  6  7  8  9 10 11 12 13 14 |
---------------+-------------------------------------------+-----
Stealth        | 1 2 4 6 7 10 13 15 16 17 19 | 19.4
Fighting       | 4 5 6 8 9 10 11 | 11.6
Short Blades   | 4 5 6 7 8 9 10 | 10.2
Dodging        | 4 5 6 7 9 10 | 10.5
Shields        | 1 3 5 6 7 8 |  8.7
Long Blades    | 2 |  2.2
Evocations     | 2 |  2.4

Action                   |  1- 3 |  4- 6 |  7- 9 | 10-12 | 13-15 || total
-------------------------+-------+-------+-------+-------+-------++-------
Melee: Short sword       |    47 |       |       |       |       ||    47
       Constrict         |    13 |    12 |    36 |    51 |    67 ||   179
       Tentacles         |    12 |     7 |    52 |   102 |   196 ||   369
       Dagger            |     5 |    42 |   203 |   325 |   628 ||  1203
Invok: Berserk           |       |     1 |     7 |    10 |    17 ||    35
       Brothers in Arms  |       |       |       |     3 |     2 ||     5
       Trog's Hand       |       |       |       |     1 |     2 ||     3
Evoke: Wand              |       |       |       |       |     2 ||     2
  Use: Scroll            |     5 |       |     6 |     9 |    15 ||    35
       Potion            |       |       |       |     2 |     2 ||     4
 Stab: Sleeping          |     4 |     4 |    17 |    14 |    47 ||    86
       Distracted        |       |       |     2 |       |     4 ||     6
Armor: Skin              |     7 |     2 |    15 |    18 |    20 ||    62
Dodge: Dodged            |    21 |    41 |   122 |   211 |   328 ||   723
Block: Buckler           |       |       |     4 |       |       ||     4
       Kite shield       |       |       |     9 |   162 |   310 ||   481

Table legend: (Time is in decaauts)
 A = Elapsed time spent in this place.
 B = Non-inter-level travel time spent in this place.
 C = Inter-level travel time spent in this place.
 D = Time resting spent in this place.
 E = Time spent auto-exploring this place.
 F = Levels seen in this place.
 G = Mean time per level.
                   A        B        C        D        E       F      G
               +--------+--------+--------+--------+--------+-----+--------+
         Total |  23271 |  22141 |   1130 |   4033 |  15259 |  19 | 1224.8 |
       Dungeon |  17292 |  16331 |    961 |   3096 |  11330 |  13 | 1330.2 |
          Lair |   5236 |   5067 |    169 |    936 |   3444 |   5 | 1047.2 |
        Bailey |    741 |    741 |      0 |      0 |    485 |   1 |  741.0 |
               +--------+--------+--------+--------+--------+-----+--------+

Top non-repeatable levels by time:
     D:9: 2687 daAuts
  Lair:2: 1785 daAuts
    D:12: 1740 daAuts
     D:6: 1717 daAuts
    D:10: 1698 daAuts
  Lair:3: 1427 daAuts
     D:8: 1396 daAuts
     D:4: 1318 daAuts
     D:7: 1265 daAuts
     D:5: 1261 daAuts
     D:1: 1126 daAuts
  Lair:1: 1036 daAuts
    D:11: 983 daAuts
     D:3: 870 daAuts
  Lair:4: 823 daAuts
